 Dungeon Crawl Stone Soup version 0.20.1-1-g8b1a95d (webtiles) character file.

364 Hocho the Skirmisher (level 6, -10/47 HPs)
             Began as an Octopode Wanderer on Oct 29, 2017.
             Mangled by an iguana (14 damage)
             ... on level 4 of the Dungeon.
             The game lasted 00:35:40 (3123 turns).

Hocho the Skirmisher (Octopode Wanderer)            Turns: 3123, Time: 00:35:41

Health: -10/47     AC:  1    Str: 10    XL:     6   Next: 67%
Magic:  6/6        EV: 14    Int: 15    God:
Gold:   74         SH:  0    Dex: 14    Spells: 5/5 levels left

rFire    . . .     SeeInvis .   a - +2 spear
rCold    . . .     Gourm    .   (no shield)
rNeg     . . .     Faith    .   (helmet restricted)
rPois    .         Spirit   .   e - amulet of magic regeneration
rElec    .         Reflect  .   (no ring)
rCorr    .         Harm     .   (no ring)
MR       .....                  (no ring)
Stlth    +++.......             (no ring)
Regen    0.2/turn               (no ring)
MPRegen  0.2/turn               (no ring)
                                (no ring)
                                (no ring)

@: no status effects
A: almost no armour, stealthy swim, amphibious, 8 rings, constrict 8, camouflage
1, gelatinous body 1
a: no special abilities


You were on level 4 of the Dungeon.
You were not hungry.

You visited 1 branch of the dungeon, and saw 4 of its levels.

You collected 74 gold pieces.

Inventory:

Hand Weapons
 a - a +2 spear (weapon)
 k - a +0 whip
 p - a +2 flail of draining
Missiles
 f - 4 stones (quivered)
 g - 39 arrows
 l - 17 poisoned needles
Jewellery
 d - an uncursed amulet of harm {unknown}
 e - an amulet of magic regeneration (around mantle)
Scrolls
 r - a scroll of recharging
Potions
 b - 2 potions of curing
 h - a potion of agility
 j - a potion of resistance
 o - a potion of mutation {unknown}
 q - a potion of berserk rage {unknown}
Comestibles
 i - a bread ration
 m - a meat ration
 n - 2 chunks of flesh


   Skills:
 + Level 6.3 Fighting
 + Level 3.0 Polearms
 + Level 3.4 Throwing
 + Level 2.6 Dodging
 + Level 2.3 Stealth
   Level 1.1 Evocations


You had 5 spell levels left.
You didn't know any spells.

Dungeon Overview and Level Annotations

Branches:
Dungeon (4/15)
 Temple: D:4-7

Altars:

Annotations:
D:4 kyle53's ghost, novice HOFi


Innate Abilities, Weirdness & Mutations

You cannot wear most types of armour.
You are very stealthy in the water. (Stealth+)
You are amphibious.
You can wear up to eight rings at the same time.
You can use your tentacles to constrict eight enemies at once.
Your skin changes colour to match your surroundings (Stealth+).
Your rubbery body absorbs attacks. (AC +1, EV +1)


Message History

You feel sick.
You are too injured to fight recklessly!
You are too injured to fight recklessly!
You hit the iguana. You grab the iguana. You squeeze the iguana.
The iguana is moderately wounded.
You constrict the iguana, but do no damage.
The iguana barely misses you.
You completely miss the iguana.
The iguana is moderately wounded.
You constrict the iguana, but do no damage.
The iguana barely misses you.
You hit the iguana.
The iguana is heavily wounded.
You constrict the iguana. The iguana barely misses you.
You hit the iguana.
The iguana is severely wounded.
You constrict the iguana.
You feel sick.
You are no longer poisoned.
The iguana bites you!
You die...

######
#.......#.........
#.#########.##....
#####.# #.##....
...##### #.##....
......# #.##...#
.....# #W...... #
....# #.####+#
....###..# #.#
(.(((.l@.#$....(†.#
.[.......#........#
$......###........#
....### ......#.#
### a....##.# ...##
#.. .## ##.


You could see an iguana.

Vanquished Creatures
  The ghost of Hebeh the Sneak, an amateur NaCj (D:3)
  A hound (D:4)
  An orc wizard (D:2)
  2 worker ants (D:4)
  3 gnolls (D:3)
  6 adders
  2 oozes (D:2)
  5 worms
  A dart slug (D:1)
  2 leopard geckos
  2 orcs (D:3)
  3 giant cockroaches
  6 goblins
  6 hobgoblins
  3 jackals (D:2)
  5 kobolds
  A quokka (D:3)
  9 bats
  16 frilled lizards
  6 rats
81 creatures vanquished.

Notes
Turn   | Place    | Note
-------+----------+-------------------------------------------
     0 | D:1      | Hocho the Octopode Wanderer began the quest for the Orb.
     0 | D:1      | Hocho set off with: a +2 spear, a potion of curing, a scroll of teleportation, a bread ration
     0 | D:1      | Reached XP level 1. HP: 18/18 MP: 1/1
    62 | D:1      | Reached XP level 2. HP: 19/24 MP: 2/2
   504 | D:2      | Reached XP level 3. HP: 27/29 MP: 3/3
   906 | D:2      | Reached skill level 6 in Fighting
   906 | D:2      | Reached XP level 4. HP: 35/36 MP: 4/4
  1410 | D:3      | Noticed Hebeh's ghost (amateur NaCj)
  1437 | D:3      | Killed Hebeh's ghost
  1437 | D:3      | Reached skill level 1 in Stealth
  1437 | D:3      | Reached XP level 5. HP: 32/41 MP: 5/5
  2359 | D:2      | Reached XP level 6. HP: 6/46 MP: 6/6
  3099 | D:4      | Noticed kyle53's ghost (novice HOFi)
  3123 | D:4      | Mangled by an iguana

Skill      XL: |  1  2  3  4  5  6 |
---------------+-------------------+-----
Fighting       | 6 |  6.3
Polearms       | 2 3 |  3.0
Throwing       | 2 3 |  3.4
Stealth        | 1 2 |  2.3
Dodging        | |  2.6
Evocations     | |  1.1

Action                   |  1- 3 |  4- 6 || total
-------------------------+-------+-------++-------
Melee: Spear             |    56 |   127 ||   183
       Constrict         |    15 |    26 ||    41
       Tentacles         |     9 |    19 ||    28
Throw: Stone             |    37 |   125 ||   162
  Use: Scroll            |     1 |     6 ||     7
       Potion            |     1 |       ||     1
 Stab: Sleeping          |       |     2 ||     2
       Distracted        |       |     1 ||     1
  Eat: Bread ration      |     1 |       ||     1
       Royal jelly       |       |     1 ||     1
       Chunk             |       |     1 ||     1
Armor: Skin              |     6 |     4 ||    10
Dodge: Dodged            |    28 |    66 ||    94
